 Dungeon Crawl Stone Soup version 0.31.0-9-g3a7656b989 (webtiles) character file.

Game seed: 6822576163515072993

58 qw the Shooter (level 3, -3/20 HPs)
             Began as a Deep Elf Hunter on Feb 2, 2024.
             Slain by a gnoll
             ... wielding a +0 spear
              (9 damage)
             ... on level 2 of the Dungeon.
             The game lasted 00:00:03 (900 turns).

qw the Shooter (Deep Elf Hunter)                     Turns: 900, Time: 00:00:04

Health: -3/20      AC:  3    Str: 10    XL:     3   Next: 76%
Magic:  5/5        EV: 12    Int: 13    God:
Gold:   62         SH:  5    Dex: 18    Spells: 2/2 levels left

rFire   . . .        a - +0 shortbow
rCold   . . .        (shield currently unavailable)
rNeg    . . .        c - +0 leather armour
rPois   .            (no helmet)
rElec   .            (no cloak)
rCorr   .            (no gloves)
SInv    .            (no boots)
Will    .....        f - amulet of reflection
Stlth   ++           (no ring)
HPRegen 0.23/turn    (no ring)
MPRegen 0.09/turn

%: reflection
@: no status effects
A: no striking features
a: no special abilities


You were on level 2 of the Dungeon.
You visited 1 branch of the dungeon, and saw 2 of its levels.

You collected 62 gold pieces.


   Skills:
 - Level 1.5 Fighting
 + Level 7.2 Ranged Weapons
 - Level 2.4 Dodging
 - Level 1.2 Stealth


You had 2 spell levels left.
You didn't know any spells.
Your spell library was empty.

Inventory:

Hand Weapons
 a - a +0 shortbow (weapon)
Armour
 c - a +0 leather armour (worn)
Jewellery
 f - an amulet of reflection (around neck)
Scrolls
 b - a scroll of identify {unknown}
Potions
 e - a potion of degeneration {unknown}
 g - a potion of cancellation {unknown}

Dungeon Overview and Level Annotations

Branches:
Dungeon (2/15)

Altars:


Message History

You kill the rat!
A gnoll comes into view. It is wielding a +0 spear.
A goblin comes into view. It is wielding a +0 dagger.
You shoot an arrow. The arrow hits the gnoll.
The gnoll is moderately wounded.
You shoot an arrow. The arrow closely misses the gnoll.
A gnoll comes into view. It is wielding a +0 vampiric spear.
You shoot an arrow.
The arrow hits the gnoll but does no damage.
The gnoll is moderately wounded.
You shoot an arrow. The arrow hits the gnoll.
The gnoll is moderately wounded.
A gnoll comes into view. It is wielding a +0 spear.
The gnoll barely misses you. You block the gnoll's attack.
893 ||| RETREEEEATING.
You shoot an arrow. The arrow hits the gnoll.
The gnoll is severely wounded.
The gnoll completely misses you.
You shoot an arrow. The arrow barely misses the goblin.
The arrow hits the gnoll.
You kill the gnoll!
The goblin hits you with a +0 dagger.
You shoot an arrow. The gnoll shouts!
The arrow hits the goblin.
You kill the goblin!
The gnoll hits you from afar with a +0 vampiric spear!
You shoot an arrow. The arrow barely misses the gnoll.
The arrow hits the gnoll.
The gnoll is moderately wounded.
The gnoll completely misses you.
You shoot an arrow. The arrow closely misses the gnoll.
The arrow hits the gnoll but does no damage.
The gnoll is moderately wounded.
The gnoll hits you from afar with a +0 vampiric spear.
You shoot an arrow. The arrow barely misses the gnoll.
The gnoll hits you from afar with a +0 spear.
The gnoll hits you from afar with a +0 vampiric spear.
You shoot an arrow. The arrow completely misses the gnoll.
The gnoll hits you from afar with a +0 spear!
You die...

#.....# .# ....
#.###.# ####.# ..g..
#.# #.# #....# .....
... #.###.##.###.#
....##.###............
#%...............#
#.....#######....#
#.g#####.......#
#.g)@..#.##.#..#
#######.###.#.#..#(.#
)......%.#..#...##%.#
...........>##......#
.#......##..##...##.#
#.####...........#.# #
#####.#######.#
................#
#######.#########


You could see 2 gnolls.

Vanquished Creatures
  A gnoll (D:2)
  A dart slug (D:1)
  4 bats
  4 endoplasms (D:1)
  6 goblins
  2 hobgoblins
  6 jackals (D:1)
  2 quokkas (D:1)
  8 ball pythons (D:1)
  3 frilled lizards (D:1)
  A kobold (D:1)
  4 rats
42 creatures vanquished.

Notes
Turn   | Place    | Note
-------+----------+-------------------------------------------
     0 | D:1      | qw the Deep Elf Hunter began the quest for the Orb.
     0 | D:1      | Reached XP level 1. HP: 12/12 MP: 3/3
     0 | D:1      | 0 ||| qw: Version: 0.3-a-155-g5e7d8dd
     0 | D:1      | 0 ||| qw: Game counter: 211
     0 | D:1      | 0 ||| qw: Melee chars always use a shield: true
     0 | D:1      | 0 ||| qw: God list: Okawaru
     0 | D:1      | 0 ||| qw: Allow faded altars: false
     0 | D:1      | 0 ||| qw: Do Orc after clearing Dungeon:15 true
     0 | D:1      | 0 ||| qw: Do second Lair branch before Depths: true
     0 | D:1      | 0 ||| qw: Lair rune preference: random
     0 | D:1      | 0 ||| qw: Goals: Normal
     0 | D:1      | 0 ||| PLANNING D:1-11
   125 | D:1      | Reached skill level 6 in Ranged Weapons
   125 | D:1      | Reached XP level 2. HP: 16/16 MP: 4/4
   276 | D:1      | Reached XP level 3. HP: 18/20 MP: 5/5
   686 | D:1      | 686 ||| UPGRADING to amulet of reflection.
   691 | D:1      | 691 ||| READING scroll labelled MOQIRE QOPSESM.
   792 | D:1      | 792 ||| DROPPING scroll of butterflies.
   861 | D:2      | Reached skill level 7 in Ranged Weapons
   893 | D:2      | 893 ||| RETREEEEATING.
   900 | D:2      | Slain by a gnoll

Levels and vault maps discovered:
D:1:      dpeg_arrival_central, layout_basic, st_stairs_4, serial_bayou_pond_c
D:2:      layout_basic, minmay_misc_feat_nine_boxes

Skill      XL: |  1  2  3 |
---------------+----------+-----
Ranged Weapons | 6 7 |  7.2
Fighting       | |  1.5
Dodging        | |  2.4
Stealth        | |  1.2

Action                     || total
---------------------------++-------
   Fire: Shortbow          ||    89
    Use: Scroll            ||     1
 Armour: Leather armour    ||    15
  Dodge: Dodged            ||    18
  Block: Other             ||     1

Table legend:
 A = Non-vault XP
 B = Vault XP
 C = Vault XP percentage of total XP
 D = Non-vault monster count
 E = Vault monster count
 F = Vault count percentage of total count
                 A         B        C        D         E       F
            +---------+---------+-------+---------+---------+-------
      Total |      78 |       6 |   7.1 |      39 |       3 |   7.1
            +---------+---------+-------+---------+---------+-------
        D:1 |      56 |       6 |   9.7 |      33 |       3 |   8.3
        D:2 |      22 |       0 |   0.0 |       6 |       0 |   0.0
            +---------+---------+-------+---------+---------+-------
